Map: Romanticide LE

Players

Massa

  • Race: Terran Terran
  • League: Platinum
  • Spawn Location: 5:00

Eman - Winner!

  • Race: Protoss Protoss
  • League: Diamond
  • Spawn Location: 11:00

VOD

Have the link to the VOD?

Description

Time

  • Played on: Jan. 17, 2021, 12:45 p.m.
  • Length: 10:18
Show
View Real Time Build Order
Export as new Build Order

Massa Terran 

Build Orders:  

Get SALT Encoding   

  12  0:00  SCV  
  13  0:12  SCV  
  14  0:20  Supply Depot  
  14  0:24  SCV  
  15  0:41  SCV  
  15  0:42  Barracks  
  16  0:47  Refinery  
  16  0:53  SCV  
  17  1:05  SCV  
  18  1:17  SCV  
  19  1:30  Barracks Reactor  
  19  1:32  Orbital Command  
  19  1:53  Command Center  
  19  1:58  SCV  
  20  2:07  Marine x2  
  22  2:14  Factory  
  22  2:17  Supply Depot  
  22  2:23  SCV  
  23  2:38  Marine x2, SCV  
  25  2:56  Marine x2  
  26  3:13  Marine x2  
  26  3:14  Orbital Command  
  26  3:15  SCV  
  29  3:23  Starport  
  31  3:27  SCV  
  30  3:39  Barracks Tech Lab, SCV x2  
  32  3:42  Hellion x2  
  36  3:51  SCV x2  
  36  3:55  Command Center  
  38  3:56  Barracks  
  38  3:59  Supply Depot  
  38  4:03  Hellion, SCV  
  38  4:07  Hellion  
  43  4:25  Widow Mine  
  43  4:29  Widow Mine  
  39  4:55  Barracks Tech Lab  
  38  5:10  Banshee  
  41  5:14  Refinery, SCV x2  
  41  5:17  Refinery  
  41  5:18  Factory Tech Lab  
  43  5:21  Refinery  
  43  5:23  Engineering Bay  
  43  5:24  Barracks  
  41  5:42  Cloaking Field  
  41  5:47  SCV x2  
  43  5:52  Banshee  
  43  5:53  Planetary Fortress  
  46  5:59  SCV x2  
  48  6:11  SCV x2  
  50  6:12  Missile Turret  
  50  6:14  Missile Turret  
  50  6:16  Marine x2  
  52  6:19  Marauder  
  52  6:21  Barracks Tech Lab  
  52  6:23  Stimpack, SCV x2  
  56  6:31  Siege Tank  
  56  6:32  SCV  
  60  6:34  Marine x2  
  60  6:35  Banshee, SCV x2  
  67  6:41  Marauder  
  69  6:55  Terran Infantry Weapons Level 1  
  69  6:57  Armory, Supply Depot  
  69  6:58  Supply Depot  
  69  7:00  Supply Depot  
  69  7:13  Marine, SCV x2  
  69  7:18  SCV  
  69  7:21  Supply Depot  
  70  7:23  Supply Depot  
  70  7:25  SCV  
  65  7:34  Siege Tank  
  65  7:35  Raven  
  65  7:37  Marine x2, Marauder  
  65  7:38  Marauder  
  65  7:44  Refinery  
  71  7:45  Refinery  
  71  7:48  SCV  
  71  7:49  SCV x2  
  74  7:53  Command Center  
  74  7:55  Marine x2  
  74  7:58  Combat Shield  
  76  7:59  Marauder  
  76  8:02  Concussive Shells  
  78  8:06  Siege Tank  
  81  8:18  Medivac  
  83  8:25  Starport  
  83  8:26  Starport  
  57  8:56  Marauder x2  
  57  8:58  Siege Tank  
  65  9:03  Supply Depot  
  65  9:04  Raven  
  65  9:05  Supply Depot  
  65  9:12  Viking x2  
  69  9:17  Barracks, Marauder x2  
  69  9:18  Barracks x2  
  69  9:19  Supply Depot  
  72  9:26  Supply Depot  
  72  9:29  Supply Depot  
  65  9:38  Marauder  
  65  9:39  Marauder  
  49  9:52  Supply Depot  
  47  9:53  Supply Depot  
  47  9:59  Marine  
  36  10:16  Supply Depot  
Show
View Real Time Build Order
Export as new Build Order

Eman Protoss - Winner!

Build Orders: 1 Gate Expand 

Get SALT Encoding   

  12  0:00  Probe  
  13  0:12  Probe  
  14  0:17  Pylon  
  14  0:25  Probe (Chrono Boost)  
  15  0:37  Probe (Chrono Boost)  
  15  0:38  Gateway  
  16  0:44  Probe (Chrono Boost)  
  17  0:51  Probe  
  18  0:58  Assimilator  
  18  1:03  Probe  
  19  1:20  Nexus  
  19  1:30  Cybernetics Core  
  19  1:31  Probe  
  20  1:37  Zealot (Chrono Boost)  
  22  1:44  Probe  
  23  1:48  Pylon  
  23  1:56  Assimilator  
  23  2:06  Stalker, Probe  
  23  2:08  Warp Gate  
  26  2:18  Probe  
  27  2:36  Stalker  
  29  2:38  Pylon, Probe (Chrono Boost)  
  29  2:42  Probe (Chrono Boost)  
  31  2:50  Probe (Chrono Boost)  
  33  2:52  Probe (Chrono Boost)  
  33  2:55  Probe (Chrono Boost)  
  33  2:57  Probe (Chrono Boost)  
  34  3:04  Probe  
  36  3:09  Sentry  
  36  3:10  Probe  
  37  3:15  Robotics Facility  
  37  3:18  Gateway  
  37  3:20  Probe  
  37  3:22  Probe  
  39  3:32  Probe  
  40  3:34  Probe  
  41  3:44  Probe  
  41  3:45  Pylon  
  41  3:46  Probe  
  43  3:50  Assimilator  
  43  3:52  Assimilator  
  43  3:58  Stalker  
  46  4:03  Observer  
  46  4:11  Gateway  
  46  4:13  Pylon  
  46  4:20  Probe x2  
  48  4:31  Stalker x2  
  47  4:32  Probe x2  
  42  4:45  Probe x2 (Chrono Boost)  
  39  4:48  Observer  
  40  4:55  Probe x2 (Chrono Boost)  
  40  4:56  Forge  
  40  4:59  Robotics Bay, Probe (Chrono Boost)  
  42  5:06  Probe  
  44  5:07  Gateway  
  44  5:11  Probe, Warp Prism  
  44  5:12  Pylon  
  47  5:18  Probe  
  48  5:23  Probe  
  49  5:30  Probe  
  49  5:32  Stalker x3  
  56  5:36  Protoss Ground Weapons Level 1  
  56  5:44  Gateway  
  56  5:50  Probe x2  
  58  6:02  Probe x2  
  58  6:03  Colossus (Chrono Boost)  
  66  6:17  Shield Battery  
  66  6:23  Stalker x2  
  66  6:24  Stalker  
  72  6:29  Shield Battery  
  72  6:33  Extended Thermal Lance  
  72  6:37  Sentry  
  74  6:46  Pylon  
  74  6:57  Pylon  
  74  6:59  Pylon  
  74  7:01  Pylon  
  74  7:04  Colossus  
  79  7:21  Stalker x4  
  79  7:22  Stalker  
  79  7:35  Probe (Chrono Boost)  
  79  7:36  Probe (Chrono Boost)  
  74  7:47  Probe (Chrono Boost)  
  74  7:48  Probe (Chrono Boost)  
  76  7:55  Stalker x2  
  76  7:56  Probe x2 (Chrono Boost)  
  82  8:25  Stalker x4  
  83  8:54  Stalker x5  
  59  9:33  Stalker  
  59  9:34  Stalker  
  59  9:35  Stalker x3  
  61  10:14  Stalker x2  
Tags
 
Add a new tag
Caveats
  • Supply blocks, unpowered buildings, or Contaminate may cause inaccurate times.
  • Supply counts are checked every 10 seconds.